[Event "Cellavision Cup 2019"]
[Site "Lund"]
[Date "2019.08.04"]
[Round "7.16"]
[White "Ornstein, Axel"]
[Black "Jogstad, Daniel"]
[Result "0-1"]
[ECO "E91"]
[WhiteElo "2311"]
[BlackElo "2154"]
[Annotator "NA"]
[PlyCount "76"]
[EventDate "2019.08.02"]
[EventType "swiss"]
[EventCountry "SWE"]
[SourceTitle "playchess.com"]
[Source "ChessBase"]
[SourceQuality "1"]
[TimeControl "900+5"]

1. Nf3 d6 2. d4 Nf6 3. c4 g6 4. Nc3 Bg7 5. e4 O-O 6. Be2 Na6 7. h3 e5 8. dxe5 dxe5 9. Qxd8 Rxd8 10. Bg5 c6 11. O-O Nc5 12. Rfd1 Re8 13. Nd2 Ne6 14. Be3 Nd4 15. Bd3 Nd7 16. b4 Nf8 17. c5 b6 18. cxb6 axb6 19. Nc4 Be6 20. Nxb6 Ra3 21. Rac1 Rb8 22. Nca4 Bxa2 23. Bxd4 exd4 24. Bc4 Bxc4 25. Rxc4 Rb3 26. Rxc6 Rxb4 27. f4 d3 28. Rxd3 Bd4+ 29. Rxd4 Rxd4 30. Nc3 Ne6 31. Ncd5 Kg7 32. f5 gxf5 33. exf5 Nf4 34. Ne3 Rd2 35. Kh2 Re8 36. Nbc4 Re2 37. Kg3 Nd3 38. Kf3 R2xe3+ 0-1

[Event "Cellavision Cup 2019"]
[Site "Lund"]
[Date "2019.08.04"]
[Round "8.2"]
[White "Malmstig, Erik"]
[Black "Kulaots, Kaido"]
[Result "0-1"]
[ECO "D70"]
[WhiteElo "2335"]
[BlackElo "2560"]
[Annotator "ChessBase"]
[PlyCount "142"]
[EventDate "2019.08.02"]
[EventType "swiss"]
[EventCountry "SWE"]
[SourceTitle "playchess.com"]
[Source "ChessBase"]
[SourceQuality "1"]
[TimeControl "5400+30"]

1. d4 Nf6 2. c4 g6 3. f3 d5 4. cxd5 Nxd5 5. e4 Nb6 6. Nc3 Bg7 7. Be3 O-O 8. Qd2 Nc6 9. O-O-O Qd6 10. h4 Rd8 11. e5 Qb4 12. Qf2 Na4 13. a3 Qb3 14. Nxa4 Qxa4 15. Ne2 Na5 16. Nc3 Bf5 17. Bd3 Bxd3 18. Rxd3 Qc4 19. Rdd1 c5 20. dxc5 Bxe5 21. Qc2 Nb3+ 22. Kb1 Nxc5 23. Nd5 Qxc2+ 24. Kxc2 Na4 25. Nxe7+ Kf8 26. Nd5 Nxb2 27. Bh6+ Kg8 28. Ne7+ Kh8 29. Rxd8+ Rxd8 30. Re1 Nc4 31. Bg5 f6 32. Rxe5 fxg5 33. Rxg5 Rd7 34. Kb3 Nb6 35. Re5 Kg7 36. h5 Kf6 37. hxg6 hxg6 38. Nxg6 Kxg6 39. a4 Rd3+ 40. Kc2 Rd2+ 41. Kxd2 Nc4+ 42. Kc3 Nxe5 43. Kd4 Nd7 44. g4 Kg5 45. a5 Kf4 46. Kd5 Nb8 47. Kd6 Na6 48. Kd5 Nb4+ 49. Kc5 Nd3+ 50. Kd6 Kg5 51. Kd5 Kf6 52. Kd6 Kg5 53. Kd5 Nb4+ 54. Kd6 Na6 55. Kd5 Kf4 56. Kd6 Kg5 57. Kd5 Nc7+ 58. Kd6 Nb5+ 59. Kc5 Nc7 60. Kd6 Ne8+ 61. Kd5 Kf4 62. Ke6 Kxf3 63. g5 Kf4 64. g6 Kg5 65. Kf7 b5 66. Kxe8 Kxg6 67. Kd7 b4 68. Kc6 b3 69. Kb7 b2 70. Kxa7 b1=Q 71. a6 Qb5 0-1

[Event "Cellavision Cup 2019"]
[Site "Lund"]
[Date "2019.08.04"]
[Round "8.3"]
[White "Popilski, Gil"]
[Black "Marin, Mihail"]
[Result "0-1"]
[ECO "C16"]
[WhiteElo "2467"]
[BlackElo "2525"]
[Annotator "ChessBase"]
[PlyCount "100"]
[EventDate "2019.08.02"]
[EventType "swiss"]
[EventCountry "SWE"]
[SourceTitle "playchess.com"]
[Source "ChessBase"]
[SourceQuality "1"]
[TimeControl "5400+30"]

1. e4 e6 2. d4 d5 3. Nc3 Bb4 4. e5 b6 5. Nf3 Ne7 6. Bd3 Ba6 7. O-O Bxd3 8. Qxd3 Bxc3 9. Qxc3 Nbc6 10. Ng5 h6 11. Nh3 Qd7 12. Qd3 O-O-O 13. Qa6+ Kb8 14. c3 f6 15. f4 f5 16. Be3 Rdg8 17. Rf3 Nd8 18. Rg3 Nf7 19. b3 g6 20. Rd1 Rg7 21. c4 Rhg8 22. Kh1 g5 23. Rc1 g4 24. Ng1 h5 25. Bd2 h4 26. Rd3 dxc4 27. bxc4 h3 28. Ne2 hxg2+ 29. Kg1 Nd8 30. Rd1 Rh7 31. Be1 Rgh8 32. Bg3 c6 33. Kxg2 Ng6 34. d5 cxd5 35. cxd5 exd5 36. Rxd5 Qc6 37. Kg1 Nb7 38. Qd3 Nh4 39. Bxh4 Rxh4 40. Rc1 Nc5 41. Rd8+ Kb7 42. Rxh8 Rxh8 43. Qxf5 Qf3 44. Rxc5 bxc5 45. Qd7+ Ka8 46. Nc3 Qe3+ 47. Kh1 Qf3+ 48. Kg1 Qxc3 49. Qc6+ Kb8 50. Qd6+ Kb7 0-1

[Event "Cellavision Cup 2019"]
[Site "Lund"]
[Date "2019.08.04"]
[Round "8.4"]
[White "Burg, Twan"]
[Black "Silseth, Simon"]
[Result "1-0"]
[ECO "B14"]
[WhiteElo "2526"]
[BlackElo "2264"]
[Annotator "ChessBase"]
[PlyCount "125"]
[EventDate "2019.08.02"]
[EventType "swiss"]
[EventCountry "SWE"]
[SourceTitle "playchess.com"]
[Source "ChessBase"]
[SourceQuality "1"]
[TimeControl "5400+30"]

1. e4 c6 2. d4 d5 3. exd5 cxd5 4. c4 Nf6 5. Nc3 e6 6. Nf3 Bb4 7. cxd5 exd5 8. Ne5 O-O 9. Bd3 Ne4 10. O-O Nxc3 11. bxc3 Bxc3 12. Bxh7+ Kxh7 13. Qd3+ Kg8 14. Qxc3 Nc6 15. Nxc6 bxc6 16. Qxc6 Bf5 17. Ba3 Re8 18. Rfe1 Qd7 19. Qc3 Rxe1+ 20. Rxe1 Qa4 21. h4 Re8 22. Bc5 a6 23. h5 Kh7 24. a3 Qc2 25. Rc1 Qxc3 26. Rxc3 Bg4 27. Rg3 Be2 28. Rg5 Bc4 29. Bb4 Re4 30. Bf8 g6 31. hxg6+ fxg6 32. Bc5 Re1+ 33. Kh2 Re2 34. f3 Kg7 35. Rg4 Re6 36. Kg3 Rf6 37. Rh4 Rf5 38. Rh1 Rg5+ 39. Kf2 Rf5 40. Re1 Rf7 41. g4 Rb7 42. Kg3 Rf7 43. Be7 Kg8 44. f4 Rh7 45. Bd6 Rd7 46. Be5 Bd3 47. Kh4 Kf7 48. Kg5 Rb7 49. Rh1 Rb1 50. Rh7+ Ke8 51. Rh3 Be4 52. Rh8+ Kd7 53. Rh7+ Kc6 54. Kf6 Rg1 55. g5 Ra1 56. Rc7+ Kb6 57. Rg7 Rxa3 58. Rxg6 Bxg6 59. Kxg6 Rf3 60. f5 a5 61. f6 Kc6 62. f7 a4 63. Bf6 1-0

[Event "Cellavision Cup 2019"]
[Site "Lund"]
[Date "2019.08.04"]
[Round "8.5"]
[White "Hector, Jonny"]
[Black "Lindberg, Bengt"]
[Result "1/2-1/2"]
[ECO "B47"]
[WhiteElo "2487"]
[BlackElo "2384"]
[Annotator "ChessBase"]
[PlyCount "219"]
[EventDate "2019.08.02"]
[EventType "swiss"]
[EventCountry "SWE"]
[SourceTitle "playchess.com"]
[Source "ChessBase"]
[SourceQuality "1"]
[TimeControl "5400+30"]

1. e4 c5 2. Nf3 e6 3. d4 cxd4 4. Nxd4 Nc6 5. Nc3 Qc7 6. f4 a6 7. Nxc6 Qxc6 8. Bd3 b5 9. Qe2 Bb7 10. a4 b4 11. Nd5 Nf6 12. Nxf6+ gxf6 13. Bd2 d5 14. exd5 Qxd5 15. Rg1 Bc5 16. Be3 Bxe3 17. Qxe3 O-O-O 18. O-O-O Qc6 19. Kb1 Rd5 20. Be2 Qc5 21. Qxc5+ Rxc5 22. Rd4 a5 23. g4 Bc6 24. b3 Kc7 25. Rgd1 Rd5 26. Rxd5 Bxd5 27. Kb2 Kc6 28. Rd3 Be4 29. Rh3 Rd8 30. Kc1 Bg6 31. f5 exf5 32. gxf5 Bxf5 33. Rh5 Be4 34. Rxa5 f5 35. Ra7 Rg8 36. Rxf7 Rg2 37. Kd1 Rxh2 38. a5 Bxc2+ 39. Ke1 Bxb3 40. Bf3+ Kb5 41. Rxf5+ Ka6 42. Be2+ Rxe2+ 43. Kxe2 Bc4+ 44. Kd2 Bb5 45. Kc2 Ba4+ 46. Kb2 h6 47. Rh5 Bd1 48. Rd5 Ba4 49. Ka2 Bc2 50. Ka1 Bb3 51. Rc5 Bd1 52. Kb2 Ba4 53. Rd5 Be8 54. Rd8 Ba4 55. Ra8+ Kb7 56. Rf8 Ka6 57. Rf5 Bd1 58. Re5 Ba4 59. Kc1 Bb5 60. Kc2 Ba4+ 61. Kd3 Bb5+ 62. Kc2 Ba4+ 63. Kb2 Bd1 64. Rc5 Ba4 65. Rd5 Be8 66. Re5 Ba4 67. Rh5 Bd1 68. Rxh6+ Kxa5 69. Rh4 Kb5 70. Kc1 Bb3 71. Kd2 Bf7 72. Kd3 Bg8 73. Kd4 Bf7 74. Rh7 Bg8 75. Rb7+ Ka4 76. Kc5 Ka3 77. Rxb4 Ka2 78. Rg4 Bf7 79. Kb4 Be6 80. Rf4 Bg8 81. Kc3 Be6 82. Rf2+ Ka1 83. Kc2 Bg8 84. Rf8 Bd5 85. Rf4 Be6 86. Ra4+ Ba2 87. Rb4 Be6 88. Rb1+ Ka2 89. Rb6 Bf5+ 90. Kc3 Bh7 91. Rb2+ Ka1 92. Kb3 Bg8+ 93. Kc2 Bh7+ 94. Kc1 Bg8 95. Rb6 Bd5 96. Kc2 Be4+ 97. Kc3 Bf5 98. Kb3 Be4 99. Rd6 Bh7 100. Rd8 Be4 101. Rd4 Bg6 102. Ra4+ Kb1 103. Rf4 Bc2+ 104. Kc3 Bh7 105. Rg4 Bf5 106. Rg2 Ka1 107. Kb3 Be6+ 108. Ka3 Bf5 109. Rg1+ Bb1 110. Rh1 1/2-1/2

[Event "Cellavision Cup 2019"]
[Site "Lund"]
[Date "2019.08.04"]
[Round "8.6"]
[White "Olund, Joar"]
[Black "Kristiansen, Jens"]
[Result "0-1"]
[ECO "A45"]
[WhiteElo "2313"]
[BlackElo "2400"]
[Annotator "NA"]
[PlyCount "134"]
[EventDate "2019.08.02"]
[EventType "swiss"]
[EventCountry "SWE"]
[SourceTitle "playchess.com"]
[Source "ChessBase"]
[SourceQuality "1"]
[TimeControl "5400+30"]

1. d4 Nf6 2. Bg5 c5 3. d5 d6 4. Nc3 g6 5. e4 Bg7 6. Be2 O-O 7. a4 h6 8. Bf4 Na6 9. Nf3 Nc7 10. h3 a6 11. Nd2 Bd7 12. a5 Nb5 13. Na4 e6 14. c4 Nd4 15. Nb6 exd5 16. Nxa8 Re8 17. O-O Nxe4 18. Bd3 Qf6 19. Bxe4 Qxf4 20. g3 Qf6 21. Bg2 Rxa8 22. cxd5 h5 23. Ne4 Qe7 24. Re1 Qf8 25. Ra3 Bf5 26. Rae3 Qd8 27. g4 hxg4 28. hxg4 Bxe4 29. Rxe4 Qxa5 30. Qc1 Qb5 31. R1e3 Bh6 32. f4 g5 33. Bf1 Qd7 34. f5 Bg7 35. Rh3 Bf6 36. Rh5 Kf8 37. Kg2 Re8 38. Qe3 Rxe4 39. Qxe4 Qa4 40. Kg1 Qb3 41. Qg2 Nf3+ 42. Kh1 Nh4 43. Rxh4 gxh4 44. g5 Be5 45. f6 Qg3 46. Qxg3 hxg3 47. b3 b5 48. Bd3 Bf4 49. Kg2 Bxg5 50. Kxg3 Bxf6 51. Bf5 Ke7 52. Bc8 a5 53. Ba6 a4 54. bxa4 bxa4 55. Kf3 a3 56. Bc4 Kd8 57. Ke4 Kc7 58. Kd3 Bb2 59. Kc2 Kd7 60. Kd3 Ke7 61. Ke4 Kf6 62. Kf4 Bc1+ 63. Ke4 Kg5 64. Bb3 f5+ 65. Kf3 Kf6 66. Ke2 Ke5 67. Kd3 f4 {[%emt 0:00:21] Kd4+} 0-1

[Event "Cellavision Cup 2019"]
[Site "Lund"]
[Date "2019.08.04"]
[Round "8.7"]
[White "Frisk, Ellinor"]
[Black "Blomqvist, Erik"]
[Result "0-1"]
[ECO "E46"]
[WhiteElo "2264"]
[BlackElo "2492"]
[Annotator "ChessBase"]
[PlyCount "78"]
[EventDate "2019.08.02"]
[EventType "swiss"]
[EventCountry "SWE"]
[SourceTitle "playchess.com"]
[Source "ChessBase"]
[SourceQuality "1"]
[TimeControl "5400+30"]

1. d4 Nf6 2. c4 e6 3. Nc3 Bb4 4. e3 O-O 5. Nge2 Re8 6. a3 Bf8 7. Ng3 d5 8. cxd5 exd5 9. Bd3 b6 10. O-O Ba6 11. Bxa6 Nxa6 12. Qd3 Qc8 13. e4 dxe4 14. Ngxe4 Nxe4 15. Nxe4 c5 16. dxc5 Nxc5 17. Nxc5 Bxc5 18. Bd2 Rd8 19. Qe2 Qf5 20. Bc3 Re8 21. Qc4 b5 22. Qh4 Re4 23. Qg3 Rg4 24. Qe5 Qf3 25. g3 Rc8 26. Rae1 h5 27. Bd2 Rc6 28. Bf4 Bb6 29. Qe8+ Kh7 30. Qxf7 Rcg6 31. Re8 Rxf4 32. Qg8+ Kh6 33. Qh8+ Kg5 34. Re5+ Kf6 35. Qf8+ Kxe5 36. Re1+ Kd5 37. Qa8+ Rc6 38. gxf4 Qxf2+ 39. Kh1 Qf3# 0-1

[Event "Cellavision Cup 2019"]
[Site "Lund"]
[Date "2019.08.04"]
[Round "8.8"]
[White "Cramling, Pia"]
[Black "Bogo, Soren"]
[Result "1-0"]
[ECO "E71"]
[WhiteElo "2479"]
[BlackElo "2250"]
[Annotator "ChessBase"]
[PlyCount "43"]
[EventDate "2019.08.02"]
[EventType "swiss"]
[EventCountry "SWE"]
[SourceTitle "playchess.com"]
[Source "ChessBase"]
[SourceQuality "1"]
[TimeControl "5400+30"]

1. c4 Nf6 2. Nc3 g6 3. e4 d6 4. d4 Bg7 5. h3 O-O 6. Be3 e5 7. d5 c5 8. Bd3 Na6 9. Nge2 Bd7 10. Qd2 Qe7 11. a3 Rfb8 12. O-O Nc7 13. b4 b6 14. Rab1 Nfe8 15. Bc2 a6 16. Rb3 b5 17. bxc5 dxc5 18. Rd1 Bf8 19. Bd3 Nd6 20. Qa2 bxc4 21. Rxb8 cxd3 22. Rxa8 1-0

[Event "Cellavision Cup 2019"]
[Site "Lund"]
[Date "2019.08.04"]
[Round "8.9"]
[White "Dourerassou, Jonathan"]
[Black "Petersson, Baldur Teodor"]
[Result "1-0"]
[ECO "B43"]
[WhiteElo "2477"]
[BlackElo "2179"]
[Annotator "ChessBase"]
[PlyCount "33"]
[EventDate "2019.08.02"]
[EventType "swiss"]
[EventCountry "SWE"]
[SourceTitle "playchess.com"]
[Source "ChessBase"]
[SourceQuality "1"]
[TimeControl "5400+30"]

1. e4 c5 2. Nf3 e6 3. d4 cxd4 4. Nxd4 a6 5. Nc3 Qc7 6. Bd3 Nf6 7. O-O Bc5 8. Be3 d6 9. Qf3 Nc6 10. Nxc6 Bxe3 11. fxe3 Qxc6 12. Qg3 Kf8 13. e5 dxe5 14. Qxe5 b6 15. Rxf6 gxf6 16. Qxf6 Rg8 17. Be4 1-0

[Event "Cellavision Cup 2019"]
[Site "Lund"]
[Date "2019.08.04"]
[Round "8.10"]
[White "Malm Lindberg, Henrik"]
[Black "Smith, Axel"]
[Result "0-1"]
[ECO "C47"]
[WhiteElo "2189"]
[BlackElo "2469"]
[Annotator "ChessBase"]
[PlyCount "96"]
[EventDate "2019.08.02"]
[EventType "swiss"]
[EventCountry "SWE"]
[SourceTitle "playchess.com"]
[Source "ChessBase"]
[SourceQuality "1"]
[TimeControl "5400+30"]

1. e4 e5 2. Nf3 Nc6 3. Nc3 Nf6 4. d4 exd4 5. Nxd4 Bb4 6. Nxc6 bxc6 7. Bd3 d5 8. exd5 cxd5 9. O-O O-O 10. h3 Re8 11. Qf3 Rb8 12. Bf4 Bd6 13. Nb5 Bxf4 14. Qxf4 Rb7 15. b4 a6 16. Nc3 d4 17. Ne2 Rxb4 18. Rab1 Nd5 19. Qg3 c5 20. a3 Rxb1 21. Rxb1 Nb6 22. Nf4 c4 23. Bf1 Bf5 24. Rxb6 Qxb6 25. Nd5 Qc6 26. Bxc4 Be4 27. Qb3 Qd6 28. f3 Rb8 29. Nb4 Bg6 30. Bxa6 Qxa6 31. Nxa6 Rxb3 32. cxb3 d3 33. Kf2 d2 34. Ke2 Bd3+ 35. Kxd2 Bxa6 36. Ke3 Kf8 37. a4 Ke7 38. b4 Bf1 39. Kf2 Bc4 40. Ke3 Kd6 41. h4 Ke5 42. f4+ Kd5 43. g4 Bb3 44. a5 Bc4 45. g5 f5 46. gxf6 gxf6 47. Kf3 f5 48. Ke3 h5 0-1

[Event "Cellavision Cup 2019"]
[Site "Lund"]
[Date "2019.08.04"]
[Round "8.11"]
[White "Olsson, Simon"]
[Black "Hansen, Torbjorn Ringdal"]
[Result "0-1"]
[ECO "A45"]
[WhiteElo "2176"]
[BlackElo "2432"]
[Annotator "NA"]
[PlyCount "50"]
[EventDate "2019.08.02"]
[EventType "swiss"]
[EventCountry "SWE"]
[SourceTitle "playchess.com"]
[Source "ChessBase"]
[SourceQuality "1"]
[TimeControl "5400+30"]

1. d4 Nf6 2. Bg5 Ne4 3. Bf4 c5 4. f3 Qa5+ 5. c3 Nf6 6. d5 e6 7. e4 exd5 8. exd5 d6 9. Qe2+ Be7 10. Bxd6 Nxd5 $11 11. Qe5 Nc6 12. Qxd5 Qd8 13. Qxc5 Bxd6 14. Qe3+ Be6 15. Bd3 O-O 16. Ne2 Re8 17. Qd2 Ne5 18. Be4 f5 19. Bd5 Nc4 20. Qd4 Ne3 21. Qxe3 Bxd5 22. Qd3 Qh4+ 23. Kd1 Bc4 24. Qxd6 Rad8 25. Qxd8 Bxe2+ 0-1

[Event "Cellavision Cup 2019"]
[Site "Lund"]
[Date "2019.08.04"]
[Round "8.12"]
[White "Jogstad, Daniel"]
[Black "Seo, Jung Min"]
[Result "1/2-1/2"]
[ECO "B31"]
[WhiteElo "2154"]
[BlackElo "2399"]
[Annotator "NA"]
[PlyCount "57"]
[EventDate "2019.08.02"]
[EventType "swiss"]
[EventCountry "SWE"]
[SourceTitle "playchess.com"]
[Source "ChessBase"]
[SourceQuality "1"]
[TimeControl "5400+30"]

1. e4 c5 2. Nf3 Nc6 3. Bb5 g6 4. Bxc6 bxc6 $11 5. O-O Bg7 6. e5 Nh6 7. d3 O-O 8. Re1 f6 9. exf6 exf6 10. Nc3 Nf7 11. Bf4 d6 12. h3 Ne5 13. d4 cxd4 14. Nxd4 Qc7 15. Ndb5 cxb5 16. Qd5+ Kh8 17. Qxa8 Bb7 18. Qxa7 Qc6 19. f3 Nxf3+ 20. gxf3 Qxf3 21. Re2 Qh1+ 22. Kf2 Qf3+ 23. Kg1 Qh1+ 24. Kf2 Qf3+ 25. Ke1 b4 26. Rf2 Re8+ 27. Ne2 Rxe2+ 28. Rxe2 Qh1+ 29. Kd2 1/2-1/2

[Event "Cellavision Cup 2019"]
[Site "Lund"]
[Date "2019.08.04"]
[Round "8.13"]
[White "Rostgaard, Tobias Valentin"]
[Black "Namini, Armin"]
[Result "1-0"]
[ECO "B52"]
[WhiteElo "2390"]
[BlackElo "2241"]
[Annotator "NA"]
[PlyCount "77"]
[EventDate "2019.08.02"]
[EventType "swiss"]
[EventCountry "SWE"]
[SourceTitle "playchess.com"]
[Source "ChessBase"]
[SourceQuality "1"]
[TimeControl "5400+30"]

1. e4 c5 2. Nf3 d6 3. Bb5+ Bd7 4. Bxd7+ Nxd7 5. O-O Ngf6 6. Qe2 e6 7. d4 $11 cxd4 8. Nxd4 a6 9. c4 Rc8 10. b3 Qb6 11. Bb2 Be7 12. Kh1 g5 13. Nd2 Rg8 14. Rae1 Ne5 15. N4f3 Nxf3 16. Nxf3 e5 17. Rd1 Qc6 18. Rfe1 g4 19. Nh4 Qxe4 20. Qxe4 Nxe4 21. Rxe4 Bxh4 22. Rxd6 f6 23. g3 Bg5 24. h4 gxh3 25. f4 Bh6 26. Rxf6 Bg7 27. Rd6 Rc6 28. Rxc6 bxc6 29. Bxe5 Kd7 30. Bxg7 Rxg7 31. Kh2 Kd6 32. Re5 c5 33. Rh5 Kc6 34. Rh6+ Kb7 35. f5 a5 36. f6 Rf7 37. g4 Kc6 38. g5 Kd6 39. Rxh7 {[%emt 0:00:52] Kd5} 1-0

[Event "Cellavision Cup 2019"]
[Site "Lund"]
[Date "2019.08.04"]
[Round "8.14"]
[White "Ask, Josef"]
[Black "Schneider, Stefan"]
[Result "1/2-1/2"]
[ECO "B10"]
[WhiteElo "2149"]
[BlackElo "2379"]
[Annotator "NA"]
[PlyCount "107"]
[EventDate "2019.08.02"]
[EventType "swiss"]
[EventCountry "SWE"]
[SourceTitle "playchess.com"]
[Source "ChessBase"]
[SourceQuality "1"]
[TimeControl "5400+30"]

1. e4 c6 2. d3 d5 3. Nd2 e5 4. Ngf3 Bd6 5. g3 Nf6 6. Bg2 O-O 7. O-O Re8 8. Re1 Nbd7 9. b3 a5 10. a4 Qc7 11. Bb2 dxe4 12. Nxe4 Nxe4 13. Rxe4 Nf6 14. Re1 Bg4 15. h3 Bh5 16. g4 Bg6 17. Nh4 Bb4 18. Rf1 Rad8 19. Nxg6 hxg6 20. Qe2 Nd5 21. Qf3 Qe7 22. Rad1 Qc5 23. c4 Nc7 24. Qe4 Qe7 25. Kh1 Na6 26. Qe2 Nc5 27. Qc2 Qc7 28. d4 exd4 29. Bxd4 Ne6 30. Be3 Qe5 31. Rxd8 Rxd8 32. Rd1 Rxd1+ 33. Qxd1 Bc5 34. Bxc5 Qxc5 35. Kg1 Qd4 36. Qe1 Qd3 37. Qxa5 Qxb3 38. Bf1 Kh7 39. Qa7 Ng5 40. a5 Nxh3+ 41. Bxh3 Qxh3 42. Qxb7 Qxg4+ 43. Kh2 Qh4+ 44. Kg1 Qg4+ 45. Kh2 Qh5+ 46. Kg1 Qg5+ 47. Kf1 Qc1+ 48. Kg2 Qxc4 49. a6 Qg4+ 50. Kf1 Qd1+ 51. Kg2 Qg4+ 52. Kf1 Qd1+ 53. Kg2 Qg4+ 54. Kf1 1/2-1/2

[Event "Cellavision Cup 2019"]
[Site "Lund"]
[Date "2019.08.04"]
[Round "8.15"]
[White "Ollen, Martin"]
[Black "Akesson, Ralf"]
[Result "0-1"]
[ECO "B13"]
[WhiteElo "2096"]
[BlackElo "2348"]
[Annotator "NA"]
[PlyCount "92"]
[EventDate "2019.08.02"]
[EventType "swiss"]
[EventCountry "SWE"]
[SourceTitle "playchess.com"]
[Source "ChessBase"]
[SourceQuality "1"]
[TimeControl "5400+30"]

1. e4 c6 2. d4 d5 3. exd5 cxd5 4. Bd3 Nc6 5. c3 Nf6 6. Bf4 Bg4 7. Qb3 Qc8 8. Nd2 Bh5 9. Ngf3 Bg6 10. Bxg6 hxg6 11. O-O e6 12. Rfe1 $11 Be7 13. Ne5 O-O 14. Ndf3 Ne4 15. Rad1 Rd8 16. Re2 Bd6 17. Rde1 Qc7 18. Bg3 Rab8 19. Qc2 b5 20. Nxc6 Qxc6 21. Bxd6 Qxd6 22. a3 a5 23. Ne5 Rdc8 24. Re3 Rc7 25. f3 Nf6 26. Qf2 b4 27. axb4 axb4 28. Ra1 bxc3 29. bxc3 Ne8 30. Qe2 Qd8 31. h3 Nd6 32. Qa6 Nf5 33. Rd3 Rb2 34. f4 Qh4 35. Ng4 Ng3 36. Re3 Ne4 37. Rc1 Nf2 38. Qf1 Nxg4 39. hxg4 Qxg4 40. Ra1 Rc8 41. Qf3 Qf5 42. Rd3 Rcb8 43. Re1 Rc2 44. g4 Qf6 45. g5 Qf5 46. Re5 Qxd3 0-1

[Event "Cellavision Cup 2019"]
[Site "Lund"]
[Date "2019.08.04"]
[Round "8.16"]
[White "Ernst, Thomas"]
[Black "Olofsson-Dolk, Mattis"]
[Result "1/2-1/2"]
[ECO "D85"]
[WhiteElo "2335"]
[BlackElo "2191"]
[Annotator "NA"]
[PlyCount "155"]
[EventDate "2019.08.02"]
[EventType "swiss"]
[EventCountry "SWE"]
[SourceTitle "playchess.com"]
[Source "ChessBase"]
[SourceQuality "1"]
[TimeControl "5400+30"]

1. d4 Nf6 2. c4 g6 3. Nc3 d5 4. cxd5 Nxd5 5. e4 Nxc3 6. bxc3 Bg7 7. Bg5 c5 8. Rc1 O-O 9. Nf3 cxd4 10. cxd4 Bg4 $14 11. d5 h6 12. Be3 Nd7 13. h3 Bxf3 14. gxf3 Rc8 15. Rxc8 Qxc8 16. Be2 Qc3+ 17. Kf1 Rc8 18. Kg2 Nb6 19. Qb3 Qxb3 20. axb3 Rc2 21. Bd1 Rb2 22. Re1 Nc8 23. Re2 Rxe2 24. Bxe2 e5 25. f4 f6 26. fxe5 fxe5 27. f4 Nd6 28. fxe5 Bxe5 29. Kf3 g5 30. Bxa7 Kf7 31. Ke3 Kf6 32. Bh5 Bf4+ 33. Kd3 Be5 34. Bd4 Nb5 35. Bc5 Nd6 36. b4 Bf4 37. Bg4 Be5 38. Be2 Bf4 39. Bd4+ Be5 40. Ke3 Nf7 41. b5 Nd6 42. b6 Nc8 43. Bg4 Nd6 44. Kd3 Nf7 45. Bh5 Nd6 46. Bf3 Nb5 47. Bc5 Nd6 48. Bg4 Bf4 49. Bxd6 Bxd6 50. Kd4 Bh2 51. Kc5 Ke5 52. Bc8 Kxe4 53. Bxb7 Ke5 54. Kc6 Bg1 55. Ba8 Bxb6 56. Kxb6 Kd6 57. Kb5 h5 58. Kc4 g4 59. hxg4 h4 60. g5 h3 61. g6 h2 62. g7 h1=Q 63. g8=Q Qe4+ 64. Kb5 Qd3+ 65. Kb6 Qe3+ 66. Ka6 Qe2+ 67. Ka7 Qe3+ 68. Kb8 Qb6+ 69. Bb7 Qc7+ 70. Ka7 Qc5+ 71. Ka6 Qa3+ 72. Kb5 Qb3+ 73. Ka5 Qa3+ 74. Kb6 Qb4+ 75. Ka7 Qc5+ 76. Ka8 Qa5+ 77. Kb8 Qc7+ 78. Ka7 1/2-1/2